 Dungeon Crawl Stone Soup version 0.31-a0-940-gdaa99269f9 (webtiles) character file.

Game seed: 9933130070511959509

9 protoss039 the Digger (level 2, 20/20 HPs)
             Began as a Demonspawn Earth Elementalist on Oct 20, 2023.
             Was a Follower of Trog.
             Got out of the dungeon alive.
             The game lasted 00:01:04 (460 turns).

protoss039 the Digger (DsEE)                         Turns: 460, Time: 00:01:05

Health: 20/20      AC:  2    Str:  8    XL:     2   Next: 6%
Magic:  5/5        EV: 12    Int: 16    God:    Trog [*.....]
Gold:   50         SH:  4    Dex: 13    Spells: 4/5 levels left

rFire   . . .        d - +0 dagger
rCold   . . .        (no shield)
rNeg    . . .        a - +0 robe
rPois   .            (no helmet)
rElec   .            (no cloak)
rCorr   .            (no gloves)
SInv    .            (no boots)
Will    .....        (no amulet)
Stlth   ++           (no ring)
HPRegen 0.23/turn    (no ring)
MPRegen 0.09/turn

%: no passive effects
@: no status effects
A: large bone plates 1
a: Renounce Religion, Berserk


You escaped.
You worshipped Trog.
Trog was aware of your devotion.
You visited 1 branch of the dungeon, and saw 2 of its levels.

You collected 50 gold pieces.

Inventory:

Hand Weapons
 d - a +0 dagger (weapon)
Armour
 a - a +0 robe (worn)
Scrolls
 c - 2 scrolls of identify {unknown}
 e - a scroll of teleportation {unknown}
Potions
 b - a potion of magic


   Skills:
 + Level 0.8 Fighting
 - Level 1.7 Dodging
 - Level 1.7 Stealth
 - Level 2.2 Spellcasting
 - Level 0.8 Transmutations
 - Level 2.9 Earth Magic


You had 4 spell levels left.
You knew the following spells:

 Your Spells              Type           Power      Damage    Failure   Level
a - Sandblast             Erth           22%        2d7       6%          1

Your spell library contained the following spells:

 Spells                   Type           Power      Damage    Failure   Level
 Passwall                 Tmut/Erth      5%         N/A       14%         2
 Wereblood                Tmut           4%         N/A       22%         2
 Stone Arrow              Conj/Erth      12%        3d7       32%         3
 Petrify                  Tmut/Erth      7%         N/A       67%         4
 Brom's Barrelling Bould  Conj/Erth      6%         2d3       73%         4
 Irradiate                Conj/Tmut      1%         3d12      99%         5


Dungeon Overview and Level Annotations

Branches:
Dungeon (2/15) Zot: 11533

Altars:
Trog


Innate Abilities, Weirdness & Mutations

You are partially covered in large bone plates. (SH +4)


Message History

e - a scroll labelled NAMAMANODU No target in view!
Found a cloak.
No target in view!
You open the door.
You now have 50 gold pieces (gained 4).
Found a stone staircase leading down.
No target in view!
Found two stone staircases leading up.
No target in view!
Found a ring mail.
No target in view!
A hobgoblin comes into view.
A hobgoblin is nearby!
You closely miss the hobgoblin. The hobgoblin hits you.
You barely miss the hobgoblin. The hobgoblin hits you.
You hit the hobgoblin but do no damage. The hobgoblin barely misses you.
You hit the hobgoblin.
The hobgoblin is severely wounded.
The hobgoblin barely misses you.
Casting: Sandblast (safe; 6% risk of failure)
Confirm with . or Enter, or press ? or * to list all spells.
Okay, then.
Unknown command.
Casting: Sandblast (safe; 6% risk of failure)
Confirm with . or Enter, or press ? or * to list all spells.
Okay, then.
Unknown command.
There is a stone staircase leading up here.
There is a stone staircase leading up here.
You climb upwards.
Found a scroll labelled QYTIBO NIUM.
There is a stone staircase leading down here.
Unknown command.
HP restored.
You see here a +0 dagger.
You open the door.
There is an open door here.
There is a staircase leading out of the dungeon here.
You have escaped!

### ## #........ ###
..#... .# ######@######
..... ..
#...........##.##.###.#
#+####'####'#..##.##..#
#........)###..#..##
##..................
#................##
#.#...............#
#.#................
#.........รท........


There were no monsters in sight!

Vanquished Creatures
  A bat (D:1)
  3 goblins
  2 hobgoblins (D:1)
  A kobold (D:1)
  A rat (D:1)
8 creatures vanquished.

Notes
Turn   | Place    | Note
-------+----------+-------------------------------------------
     0 | D:1      | protoss039 the Demonspawn Earth Elementalist began the
                  | quest for the Orb.
     0 | D:1      | Reached XP level 1. HP: 13/13 MP: 3/3
   121 | D:1      | Gained mutation: You are partially covered in large bone
                  | plates. (SH +4) [demonic ancestry]
   121 | D:1      | Reached XP level 2. HP: 10/20 MP: 0/5
   177 | D:1      | You fall into a shaft and drop 1 floor!
   234 | D:2      | Found a faded altar of an unknown god.
   248 | D:2      | Prayed at the altar of an unknown god.
   248 | D:2      | Became a worshipper of Trog the Wrathful
   248 | D:2      | Reached * piety under Trog
   460 | D:$      | Got out of the dungeon alive.

Illustrated notes

Levels and vault maps discovered:
D:1:      minmay_arrival_three_doors, layout_rooms
D:2:      layout_basic, chequers_ecumenical_altar_simple_redux

Action                     || total
---------------------------++-------
  Melee: Dagger            ||    18
   Cast: Sandblast         ||    13
 Armour: Robe              ||    16
  Dodge: Dodged            ||    10
  Block: Other             ||     1

Table legend: (Time is in decaauts)
 A = Elapsed time spent in this place.
 B = Non-inter-level travel time spent in this place.
 C = Inter-level travel time spent in this place.
 D = Time resting spent in this place.
 E = Time spent auto-exploring this place.
 F = Levels seen in this place.
 G = Mean time per level.
                   A        B        C        D        E       F      G
               +--------+--------+--------+--------+--------+-----+--------+
         Total |    466 |    457 |      9 |     17 |    329 |   2 |  233.0 |
       Dungeon |    466 |    457 |      9 |     17 |    329 |   2 |  233.0 |
               +--------+--------+--------+--------+--------+-----+--------+

Top non-repeatable levels by time:
     D:2: 265 daAuts
     D:1: 200 daAuts
